 Dungeon Crawl Stone Soup version 0.32-a0-468-g38b2580584 (webtiles) character file.

Game seed: 8247891001017119302

296 CougarLife the Digger (level 6, 32/32 HPs)
             Began as a Gargoyle Earth Elementalist on Feb 25, 2024.
             Quit the game in the Ecumenical Temple.
             The game lasted 00:04:12 (3768 turns).

CougarLife the Digger (Gargoyle Earth Elementalist) Turns: 3768, Time: 00:04:12

Health: 32/32      AC: 12    Str: 11    XL:     6   Next: 35%
Magic:  11/11      EV: 11    Int: 18    God:
Gold:   238        SH:  0    Dex: 10    Spells: 11/12 levels left

rFire   . . .        c - +0 dagger
rCold   + . .        (no shield)
rNeg    + . .        a - +0 robe
rPois   ∞            p - +0 helmet
rElec   +            f - +0 cloak
rCorr   .            t - +0 pair of gloves
SInv    .            j - +2 pair of boots
Will    .....        l - amulet of the acrobat
Stlth   ++           k - ring of protection from cold
HPRegen 0.25/turn    (no ring)
MPRegen 0.12/turn

%: acrobat
@: no status effects
A: sickness immunity, AC +4, negative energy resistance 1, electricity
resistance, torment resistance 1, petrification resistance
a: no special abilities


You were in the Ecumenical Temple.
You visited 2 branches of the dungeon, and saw 5 of its levels.

You collected 238 gold pieces.

Inventory:

Hand Weapons
 c - a +0 dagger (weapon)
Armour
 a - a +0 robe (worn)
 f - a +0 cloak (worn)
 j - a +2 pair of boots (worn)
 p - a +0 helmet (worn)
 t - a +0 pair of gloves (worn)
Jewellery
 k - a ring of protection from cold (left hand)
 l - an amulet of the acrobat (around neck)
Scrolls
 g - 3 scrolls of identify {unknown}
 h - 3 scrolls of poison
 o - a scroll of enchant armour {unknown}
 q - 2 scrolls of teleportation {unknown}
 r - a scroll of torment {unknown}
 s - a scroll of noise {unknown}
Potions
 b - a potion of magic
 d - 4 potions of attraction {unknown}
 e - 3 potions of curing {unknown}
 i - a potion of enlightenment {unknown}
 m - a potion of berserk rage {unknown}
 n - 2 potions of heal wounds {unknown}


   Skills:
 - Level 1.5 Dodging
 - Level 2.1 Stealth
 + Level 3.8 Spellcasting
 + Level 3.8 Conjurations
 + Level 5.6 Earth Magic


You had 11 spell levels left.
You knew the following spells:

 Your Spells              Type           Power      Damage    Failure   Level
a - Sandblast             Erth           46%        2d11      1%          1

Your spell library contained the following spells:

 Spells                   Type           Power      Damage    Failure   Level
 Passwall                 Erth           23%        N/A       4%          3
 Stone Arrow              Conj/Erth      40%        3d9       6%          3
 Brom's Barrelling Bould  Conj/Erth      20%        2d4       22%         4
 Petrify                  Alch/Erth      13%        N/A       43%         4


Dungeon Overview and Level Annotations

Branches:
Dungeon (4/15)             Temple (1/1) D:4

Altars:
Dithmenos
Gozag
Kikubaaqudgha
Makhleb
Nemelex Xobeh
Okawaru
Qazlal
Sif Muna
Trog
Uskayaw
Wu Jian
Xom
Yredelemnul
Zin
The Shining One

Shops:
D:1 :

Annotations:
D:2 1 runed translucent door, Crazy Yiuf


Innate Abilities, Weirdness & Mutations

You are immune to sickness and miasma.
Your stone body is resilient. (AC +4)
You are immune to poison.
You resist negative energy. (rN+)
You are resistant to electric shocks. (rElec)
You are resistant to unholy torment.
You are immune to petrification.


Message History

The blast of sand hits the goblin!
You kill the goblin!
You can't see any susceptible monsters within range! (Use Z to cast anyway.)
Things that are here:
a +0 dagger; a goblin corpse A goblin comes into view.
It is wielding a +0 club.
A goblin is nearby!
A goblin is nearby!
You can't see any susceptible monsters within range! (Use Z to cast anyway.)
The blast of sand hits the goblin!
You kill the goblin!
You can't see any susceptible monsters within range! (Use Z to cast anyway.) No target in view!
You can't see any susceptible monsters within range! (Use Z to cast anyway.)
You can't see any susceptible monsters within range! (Use Z to cast anyway.)
Found a stone staircase leading up.
There is a stone staircase leading up here.
A goblin comes into view. It is wielding a +0 club.
The goblin shouts!
The blast of sand misses the goblin.
The blast of sand hits the goblin!!
You kill the goblin!
You see here a +0 club.
You see here a +0 chain mail.
Found a staircase to the Ecumenical Temple.
A quokka comes into view.
A quokka is nearby!
You see here a scroll labelled DONKYE KISCH.
The blast of sand hits the quokka!
You kill the quokka!
You start resting.
Magic restored.
There is a staircase to the Ecumenical Temple here.
You climb downwards.
Welcome to the Ecumenical Temple!
Found a basalt altar of Yredelemnul and a stormy altar of Qazlal.
Found a staircase back to the Dungeon.
There is a staircase back to the Dungeon here.
Unknown command.
Search for what [Enter for "dag", or ? for help]? altar Are you sure you want to abandon this character and quit the game? (Confirm with "yes".)

#......≈≈≈≈≈≈≈≈≈≈≈
#......≈≈≈≈≈≈≈≈≈≈≈
##.._..≈≈≈≈≈.....≈≈
#......≈≈..........
#............._....
##..................
#........_..........
#..............#....
#..@........#######.
#........#### ##
#.....#### #######


There were no monsters in sight!

Vanquished Creatures
  A jelly (D:4)
  A hound (D:4)
  2 orc wizards (D:3)
  Robin (D:3)
  4 adders
  2 ufetubi (D:4)
  4 ribbon worms
  A dart slug (D:1)
  8 orcs
  7 endoplasms
  7 giant cockroaches
  21 goblins
  10 hobgoblins
  2 jackals (D:1)
  6 quokkas
  7 ball pythons
  4 bats
  5 frilled lizards
  9 kobolds
  2 rats (D:1)
104 creatures vanquished.

Notes
Turn   | Place    | Note
-------+----------+-------------------------------------------
     0 | D:1      | CougarLife the Gargoyle Earth Elementalist began the quest
                  | for the Orb.
     0 | D:1      | Reached XP level 1. HP: 10/10 MP: 3/3
    86 | D:1      | Reached XP level 2. HP: 14/15 MP: 0/5
   248 | D:1      | Reached skill level 4 in Earth Magic
   544 | D:1      | Reached XP level 3. HP: 19/19 MP: 2/6
   701 | D:1      | Found Jiprisar's Vocational Training.
   858 | D:1      | Found a faded altar of an unknown god.
  1344 | D:2      | Reached XP level 4. HP: 24/24 MP: 2/8
  1567 | D:2      | Found a glowing silver altar of Zin.
  1661 | D:2      | Found a runed translucent door.
  1662 | D:2      | Noticed Crazy Yiuf
  1903 | D:3      | Noticed Robin
  1939 | D:3      | Killed Robin
  2120 | D:3      | Reached XP level 5. HP: 28/28 MP: 5/9
  2167 | D:3      | Reached skill level 5 in Earth Magic
  3041 | D:4      | Reached XP level 6. HP: 32/32 MP: 8/11
  3750 | D:4      | Found a staircase to the Ecumenical Temple.
  3767 | Temple   | Entered the Ecumenical Temple
  3768 | Temple   | Quit the game

Illustrated notes

Levels and vault maps discovered:
D:1:      spicycebolla_green_bress_n_ham, layout_loops_ring,
          shapermc_ecumenical_altar_mp_vishouse, chequers_serial_rivers_small_b,
          nicolae_shop_vocational
D:2:      layout_rooms, basic_altar, minmay_surrounded, uniq_crazy_yiuf_cottage
D:3:      layout_basic, uniq_robin
D:4:      layout_loops_ring, minmay_temple_entry_antechambers,
          grunt_ministairs_3
Temple:   nicolae_temple_superstar

Skill      XL: |  1  2  3  4  5 |
---------------+----------------+-----
Earth Magic    | 4 5 |  5.6
Conjurations   | 2 3 |  3.8
Spellcasting   | 3 |  3.8
Dodging        | |  1.5
Stealth        | |  2.1

Action                     |  1- 3 |  4- 6 || total
---------------------------+-------+-------++-------
  Melee: Unarmed           |     3 |       ||     3
         Dagger            |    19 |    43 ||    62
   Cast: Sandblast         |    60 |    98 ||   158
    Use: Scroll            |       |     1 ||     1
 Armour: Robe              |    26 |    69 ||    95
  Dodge: Dodged            |    34 |    72 ||   106

Table legend: (Time is in decaauts)
 A = Elapsed time spent in this place.
 B = Non-inter-level travel time spent in this place.
 C = Inter-level travel time spent in this place.
 D = Time resting spent in this place.
 E = Time spent auto-exploring this place.
 F = Levels seen in this place.
 G = Mean time per level.
                   A        B        C        D        E       F      G
               +--------+--------+--------+--------+--------+-----+--------+
         Total |   3844 |   3751 |     93 |    229 |   2907 |   5 |  768.8 |
       Dungeon |   3844 |   3751 |     93 |    229 |   2907 |   4 |  961.0 |
        Temple |      0 |      0 |      0 |      0 |      0 |   1 |    0.0 |
               +--------+--------+--------+--------+--------+-----+--------+

Top non-repeatable levels by time:
     D:3: 1176 daAuts
     D:1: 1086 daAuts
     D:4: 815 daAuts
     D:2: 765 daAuts
  Temple: 0 daAuts
